Map: Dusk Towers

Players

Shura (Scarlett) - Winner!

  • Race: Zerg Zerg
  • League: Grandmaster

Semper

  • Race: Terran Terran
  • League: Diamond

VOD

https://www.youtube.com/watch?v=d4KxSDUIH4A

Description

The game opens relatively standard with Scarlett going up to 3 bases quickly while Semper goes for Reaper, Hellion, and Liberator harass. To counter Scarlett's macro heavy opening, Semper finds a good spot on Dusk Towers to deny mining at the main and 3rd bases with the range upgrade for the Liberators around 6:00.

Around 8:00, Scarlett has mutas across the map. Semper pushes out with Marines and Tanks though turns back after clearing creep while Scarlett maxes on Roach/Ravager/Muta.

Scarlett transitions into Ultralisks around 12:00 while Semper uses Planetary Fortresses and Marine/Tank to defend. Scarlett then moves into Brood Lords and Infestors while expanding across the map. Semper adds a few Vikings and uses a lot of drops to stay in the game.

(note that the VOD has 2 games in it)

Time

  • Played on: Jan. 9, 2016, 1:42 p.m.
  • Length: 23:08
Show
View Real Time Build Order
Export as new Build Order

Shura Zerg - Winner!

Build Orders: Hatch First 

Get SALT Encoding   

  12  0:00  Drone  
  13  0:09  Drone  
  14  0:17  Overlord  
  14  0:24  Drone, Extractor  
  15  0:36  Drone x2  
  17  0:45  Drone  
  18  0:55  Hatchery  
  17  0:58  Drone  
  18  1:11  Spawning Pool  
  17  1:13  Drone  
  17  1:18  Drone  
  19  1:36  Hatchery  
  19  1:40  Drone  
  19  1:44  Overlord  
  19  1:50  Drone  
  20  1:58  Queen  
  22  2:02  Zergling x2  
  22  2:08  Queen  
  25  2:11  Drone  
  25  2:15  Drone  
  27  2:20  Drone  
  27  2:21  Drone  
  29  2:33  Queen, Extractor  
  30  2:41  Drone x2  
  32  2:46  Spore Crawler  
  31  2:53  Queen  
  31  2:56  Overlord, Queen  
  31  2:57  Drone x2  
  38  3:01  Drone  
  38  3:02  Drone  
  40  3:06  Drone  
  40  3:07  Drone  
  42  3:16  Drone  
  42  3:17  Drone x3  
  46  3:21  Drone  
  46  3:22  Drone  
  46  3:25  Overlord  
  49  3:27  Drone  
  49  3:30  Drone  
  50  3:37  Extractor  
  50  3:38  Overlord  
  50  3:39  Drone  
  50  3:44  Drone x4  
  50  3:45  Drone x2  
  56  3:53  Roach Warren  
  55  3:56  Spore Crawler  
  55  4:00  Drone  
  55  4:01  Drone x3  
  57  4:04  Drone  
  57  4:05  Lair  
  57  4:08  Drone x2  
  60  4:12  Zergling x4  
  62  4:22  Drone x7  
  66  4:28  Overlord, Extractor  
  66  4:29  Overlord  
  65  4:31  Drone  
  65  4:36  Spore Crawler  
  65  4:37  Overlord  
  65  4:38  Drone  
  66  4:47  Roach x4  
  66  4:49  Drone  
  66  4:50  Drone x3  
  78  4:54  Spore Crawler  
  78  4:56  Drone  
  78  4:57  Drone x3  
  81  5:03  Overlord  
  81  5:06  Overlord  
  81  5:07  Drone  
  81  5:10  Extractor  
  81  5:13  Evolution Chamber  
  80  5:15  Evolution Chamber, Glial Reconstitution  
  80  5:16  Drone x2  
  80  5:17  Drone  
  80  5:19  Overlord  
  80  5:20  Overlord x3  
  82  5:26  Ravager x4  
  86  5:32  Drone x2  
  86  5:33  Drone x2  
  90  5:36  Drone  
  90  5:37  Drone x3, Extractor  
  90  5:40  Drone, Extractor  
  90  5:42  Spore Crawler  
  92  5:43  Drone  
  92  5:44  Drone  
  93  5:52  Hatchery  
  93  5:56  Spire  
  86  6:12  Drone x8  
  86  6:13  Drone x7  
  97  6:23  Zerg Missile Weapons Level 1  
  97  6:25  Zerg Ground Armor Level 1  
  94  6:39  Roach  
  102  6:40  Roach x3  
  102  6:46  Queen  
  104  7:09  Mutalisk x3  
  104  7:10  Mutalisk x3  
  104  7:14  Drone x3  
  104  7:15  Drone, Extractor  
  118  7:16  Drone x2, Extractor  
  118  7:17  Overseer  
  120  7:26  Infestation Pit  
  119  7:31  Drone x9  
  128  7:46  Drone x7  
  135  7:53  Hatchery, Zerg Flyer Armor Level 1, Queen  
  136  8:01  Overlord x3  
  136  8:13  Overlord x3  
  136  8:21  Roach  
  136  8:22  Roach x10  
  136  8:24  Ravager  
  136  8:25  Ravager  
  160  8:27  Overlord x2  
  160  8:31  Zerg Missile Weapons Level 2  
  160  8:33  Zerg Ground Armor Level 2  
  160  8:36  Pathogen Glands  
  160  8:41  Overlord  
  160  8:42  Overlord  
  160  8:52  Hive  
  160  8:54  Extractor  
  160  8:55  Drone x3  
  162  8:56  Drone x3, Extractor  
  164  9:03  Infestor  
  164  9:04  Infestor x4  
  164  9:07  Roach x8  
  190  9:13  Roach x5  
  199  9:17  Ravager  
  199  9:21  Ravager  
  200  9:25  Spore Crawler  
  200  9:28  Spore Crawler, Spine Crawler  
  200  9:29  Spore Crawler  
  196  9:44  Spine Crawler  
  193  9:47  Spine Crawler  
  193  9:48  Roach x2  
  193  9:49  Roach x3  
  193  9:51  Ravager x2  
  197  9:54  Ravager  
  197  9:55  Roach  
  172  10:20  Roach x19  
  172  10:21  Roach x3  
  200  10:23  Zerg Flyer Armor Level 2  
  200  10:25  Ultralisk Cavern  
  189  10:29  Roach x2  
  162  10:36  Infestor  
  162  10:37  Infestor  
  162  10:39  Drone x3, Extractor  
  162  10:40  Roach x3  
  174  10:43  Ravager x2  
  174  10:44  Ravager  
  174  10:46  Overseer  
  174  10:47  Roach x3  
  183  11:00  Ravager x5  
  183  11:03  Hatchery  
  183  11:04  Roach x4  
  193  11:27  Chitinous Plating, Spine Crawler  
  193  11:28  Spore Crawler, Extractor  
  193  11:29  Ultralisk  
  193  11:32  Extractor  
  193  11:34  Roach x3  
  193  11:37  Pneumatized Carapace  
  171  11:51  Roach x14  
  174  12:02  Roach x9  
  173  12:09  Roach x2  
  166  12:16  Infestor x4  
  173  12:30  Infestor x2  
  177  12:39  Hatchery  
  177  12:42  Greater Spire  
  177  12:43  Roach  
  177  12:44  Roach x7  
  190  12:53  Ravager  
  190  12:54  Ravager x3  
  194  12:59  Ravager x2  
  196  13:06  Drone  
  196  13:07  Drone x2  
  196  13:11  Zerg Missile Weapons Level 3  
  137  13:46  Roach x2  
  137  13:47  Roach x11  
  106  13:55  Infestor  
  106  13:56  Infestor x4  
  106  13:57  Corruptor x3  
  120  14:03  Zerg Flyer Weapons Level 1  
  120  14:07  Ravager x2  
  120  14:09  Zerg Melee Weapons Level 1  
  122  14:14  Infestor  
  124  14:18  Infestor  
  124  14:19  Drone x2  
  124  14:21  Roach x6  
  140  14:31  Corruptor x2  
  140  14:34  Drone x2  
  146  14:46  Ravager x5  
  151  14:53  Drone x2  
  151  14:55  Drone x3  
  156  15:05  Brood Lord x3  
  162  15:15  Corruptor x2  
  166  15:22  Corruptor x2  
  168  15:50  Spore Crawler, Spine Crawler  
  168  15:53  Infestor  
  168  15:54  Infestor x4  
  176  16:08  Zerg Flyer Weapons Level 2  
  176  16:12  Corruptor x2  
  176  16:15  Brood Lord x5  
  176  16:17  Brood Lord  
  192  16:20  Metabolic Boost  
  192  16:27  Zerg Ground Armor Level 3  
  192  16:37  Zerg Melee Weapons Level 2  
  192  16:41  Zergling x8  
  196  16:47  Overseer  
  196  16:49  Overseer  
  196  16:50  Overseer  
  196  16:57  Ravager  
  196  17:00  Corruptor  
  175  17:27  Corruptor x9  
  173  17:35  Roach x6  
  176  17:38  Adrenal Glands  
  176  17:43  Corruptor x2  
  174  17:58  Roach x7  
  167  18:09  Drone x7  
  164  18:30  Drone x10  
  169  18:45  Drone x2  
  171  18:53  Brood Lord  
  171  18:55  Brood Lord  
  175  18:56  Drone  
  172  19:25  Hatchery  
  172  19:30  Drone x3  
  172  19:31  Drone x5  
  172  19:42  Zerg Flyer Armor Level 3  
  172  19:43  Zerg Melee Weapons Level 3  
  172  19:46  Baneling Nest  
  172  19:51  Queen  
  171  19:55  Brood Lord x5  
  181  20:00  Extractor  
  181  20:03  Extractor  
  181  20:06  Drone x2  
  182  20:07  Drone x4  
  185  20:24  Corruptor x3  
  185  20:25  Corruptor x4  
  195  20:50  Corruptor x2  
  193  21:11  Corruptor  
  193  21:12  Corruptor x5  
  193  21:17  Roach  
  193  21:18  Roach x9  
  186  21:34  Roach x8  
  190  21:57  Ultralisk  
  190  21:58  Ultralisk  
  198  22:06  Hatchery  
  197  22:22  Ravager x2  
  199  22:23  Ravager  
  179  22:48  Roach x10  
Show
View Real Time Build Order
Export as new Build Order

Semper Terran 

Build Orders: Liberator Opening, Reaper Expand, Bio Tank 

Get SALT Encoding   

  12  0:00  SCV  
  13  0:13  SCV  
  14  0:17  Supply Depot  
  14  0:25  SCV  
  15  0:39  SCV  
  15  0:40  Barracks  
  16  0:44  Refinery  
  16  0:51  SCV  
  17  1:03  SCV  
  18  1:15  SCV  
  19  1:28  Reaper, Orbital Command  
  20  1:39  Command Center  
  20  1:53  Supply Depot, SCV  
  21  2:00  Marine  
  22  2:05  SCV  
  23  2:13  Factory  
  23  2:17  SCV  
  24  2:23  Barracks Reactor  
  24  2:29  SCV, Refinery  
  25  2:41  SCV  
  26  2:53  Orbital Command  
  26  2:54  SCV  
  26  2:59  Starport  
  26  3:00  Refinery  
  26  3:06  SCV  
  26  3:08  Hellion x2  
  31  3:13  Barracks Tech Lab  
  31  3:18  SCV  
  31  3:19  SCV  
  33  3:30  SCV, Hellion x2  
  33  3:31  SCV, Liberator  
  39  3:36  Fusion Core  
  39  3:42  SCV  
  39  3:43  SCV, Marine  
  42  3:54  SCV  
  46  4:01  SCV  
  45  4:06  SCV  
  44  4:14  Command Center  
  44  4:15  SCV  
  44  4:16  Liberator  
  45  4:17  Factory Tech Lab  
  45  4:23  SCV  
  44  4:24  Advanced Ballistics  
  44  4:25  Marine  
  44  4:26  Marine  
  44  4:30  Supply Depot  
  46  4:33  SCV  
  50  4:39  SCV  
  50  4:41  Supply Depot  
  51  4:49  SCV  
  51  4:51  SCV, Refinery  
  51  4:52  Siege Tank  
  56  4:53  Supply Depot  
  56  5:03  Liberator  
  56  5:04  Engineering Bay  
  56  5:05  SCV, Engineering Bay  
  57  5:07  SCV  
  57  5:08  Barracks Tech Lab  
  57  5:13  Barracks  
  58  5:17  SCV  
  62  5:26  Siege Tank  
  65  5:29  Orbital Command  
  65  5:31  Marine  
  65  5:33  SCV  
  65  5:35  SCV  
  68  5:45  SCV  
  68  5:47  SCV  
  68  5:48  Stimpack  
  70  5:50  Terran Infantry Weapons Level 1  
  70  5:52  Barracks  
  68  5:57  SCV  
  68  5:59  SCV, Marine  
  68  6:02  Marine  
  68  6:03  Bunker, Marine  
  73  6:07  SCV  
  73  6:10  Terran Infantry Armor Level 1  
  74  6:13  Medivac  
  74  6:14  Barracks x2  
  74  6:16  SCV, Marine  
  78  6:20  Marine  
  78  6:24  Supply Depot  
  79  6:26  Supply Depot  
  79  6:29  Marine  
  80  6:33  Siege Tank  
  80  6:34  Marine  
  80  6:35  SCV x2  
  80  6:38  Orbital Command  
  86  6:41  Barracks Reactor  
  86  6:43  Medivac  
  86  6:46  Armory  
  88  6:58  Marine x2  
  88  6:59  SCV x2  
  92  7:05  SCV  
  93  7:09  Barracks Reactor x2  
  93  7:10  Supply Depot, Siege Tank  
  93  7:11  SCV  
  93  7:13  SCV, Refinery  
  100  7:17  Refinery  
  98  7:26  Marine x3  
  98  7:27  SCV x2  
  103  7:32  SCV, Bunker  
  103  7:33  Supply Depot  
  103  7:34  Barracks Reactor, Supply Depot  
  103  7:35  Supply Depot  
  104  7:39  SCV  
  104  7:43  SCV  
  104  7:44  Marine x3  
  103  7:46  Missile Turret  
  103  7:48  SCV  
  103  7:49  Missile Turret x2  
  103  7:50  Missile Turret  
  104  7:51  Terran Infantry Weapons Level 2  
  104  7:52  SCV  
  104  7:55  Combat Shields, Siege Tank, SCV, Terran Vehicle Weapons Level 1  
  109  8:00  Medivac  
  109  8:01  Marine x5  
  115  8:14  Marine x4  
  115  8:19  Marine  
  122  8:22  Command Center  
  122  8:23  Supply Depot  
  122  8:26  Supply Depot  
  120  8:33  Siege Tank, Medivac x2  
  127  8:37  Marine  
  127  8:38  Marine x7  
  127  8:40  Supply Depot  
  135  8:42  Supply Depot  
  135  8:48  Marine  
  135  8:55  Marine x3  
  134  8:56  Marine x4  
  134  9:00  Factory  
  140  9:12  Siege Tank, Marine  
  140  9:14  Marine  
  140  9:15  Marine  
  140  9:16  Marine  
  144  9:17  Medivac  
  144  9:21  Medivac  
  148  9:37  Marine x2  
  150  9:44  Siege Tank  
  153  9:47  Medivac, Marine x4  
  159  9:58  Marine  
  160  10:02  Marine  
  160  10:04  Marine  
  160  10:05  Marine  
  160  10:06  Marine x5  
  133  10:16  Siege Tank, Marine  
  133  10:20  Marine  
  133  10:22  Marine  
  133  10:23  Marine x2  
  133  10:25  Marine x4  
  133  10:28  Factory Tech Lab  
  133  10:30  Barracks  
  133  10:31  Barracks x2, Terran Infantry Armor Level 2  
  133  10:32  Terran Infantry Weapons Level 3  
  133  10:34  Marine  
  113  10:38  Marine  
  113  10:40  Marine x2  
  113  10:41  Marine  
  117  10:43  SCV x2, Marine x4  
  117  10:44  SCV  
  117  10:48  Siege Tank x2  
  130  10:52  Marine  
  130  10:55  SCV  
  130  10:56  SCV x2, Marine  
  135  10:57  Marine  
  135  10:58  Marine  
  135  10:59  Ghost Academy, Marine  
  135  11:00  Marine  
  135  11:01  Marine x2  
  135  11:03  Planetary Fortress  
  141  11:07  SCV  
  141  11:17  Marine x5  
  141  11:18  Barracks Tech Lab  
  145  11:19  Barracks Tech Lab x2  
  145  11:20  Supply Depot, Siege Tank x2  
  150  11:28  Supply Depot x2  
  147  11:38  Command Center  
  146  11:41  Sensor Tower  
  146  11:46  Marine  
  122  11:48  Marine x3  
  122  11:52  Siege Tank  
  122  11:53  Siege Tank  
  113  12:00  Marine  
  109  12:02  SCV  
  93  12:09  Marine  
  93  12:10  SCV  
  90  12:16  SCV x2  
  90  12:17  SCV  
  90  12:19  Marine  
  90  12:20  Marine x10  
  90  12:22  SCV  
  105  12:24  Siege Tank  
  105  12:25  Command Center, Siege Tank  
  109  12:33  SCV  
  109  12:34  Marine  
  111  12:37  Marine x4  
  111  12:38  SCV x3  
  119  12:45  SCV, Medivac x2  
  117  12:56  Siege Tank  
  117  12:57  Siege Tank  
  117  12:58  Ghost x4  
  120  12:59  Marine  
  120  13:00  Marine  
  130  13:10  Sensor Tower  
  130  13:13  Marine x6  
  130  13:16  Bunker  
  130  13:17  Bunker, Marine  
  130  13:18  Medivac x2  
  140  13:20  SCV  
  127  13:38  Marine  
  127  13:39  Marine x2  
  119  13:42  Siege Tank, Marine  
  119  13:46  SCV x2, Marine  
  85  13:49  Marine  
  85  13:50  Marine x4  
  85  13:54  Marine  
  88  13:58  Marine x3  
  88  14:02  SCV  
  93  14:06  Marine x3  
  95  14:11  Marine  
  96  14:17  Marine x7  
  96  14:21  Siege Tank  
  96  14:23  SCV  
  107  14:24  Marine  
  107  14:25  Marine  
  107  14:26  Marine x2  
  107  14:29  Marine  
  107  14:30  SCV  
  113  14:35  Orbital Command, Marine  
  114  14:40  Siege Tank  
  114  14:44  Marine  
  108  14:52  Marine  
  108  14:53  Marine x4  
  108  14:55  Siege Tank  
  108  14:56  Marine x6  
  122  15:02  Marine  
  122  15:05  Medivac x2  
  127  15:10  Marine  
  127  15:11  Marine x4  
  127  15:13  Siege Tank, Marine  
  136  15:14  Marauder  
  138  15:22  SCV x4  
  138  15:28  Ghost  
  142  15:34  SCV  
  142  15:35  Medivac  
  147  15:39  Marine  
  141  15:45  Marine x3  
  141  15:46  Marine x3  
  144  15:50  Marine  
  144  15:52  Terran Infantry Armor Level 3  
  144  15:59  Ghost, Starport  
  146  16:11  Viking x2  
  146  16:15  Marine x8  
  146  16:16  Marine x2  
  159  16:35  Siege Tank  
  162  16:42  Viking x2  
  162  16:43  Viking  
  167  16:49  Marine x2  
  168  16:59  Marine x5  
  168  17:00  Marauder, Marine x3  
  178  17:12  Viking x2  
  177  17:18  Viking  
  177  17:19  Marine  
  158  17:25  Marine  
  158  17:28  Marine x2  
  133  17:32  Marine  
  133  17:33  Marine  
  133  17:36  Marine x2  
  118  17:38  Marine  
  118  17:42  Viking x2  
  120  17:46  Marine x3  
  120  17:48  Viking, Marine x3  
  113  17:54  Marine  
  113  17:55  Marine  
  113  17:56  Marine  
  109  18:03  Marine  
  109  18:04  Marine x2, Orbital Command  
  110  18:18  Marine x3  
  110  18:19  Marine  
  112  18:21  Marine  
  112  18:23  Marine  
  112  18:24  Marine  
  116  18:34  Medivac x3  
  109  18:35  Marine x5  
  109  18:36  Marine x3  
  109  18:37  Marine  
  109  18:38  Siege Tank  
  109  18:39  Marine  
  125  18:41  Marine  
  125  18:42  Marine  
  127  18:53  Marine x3  
  127  18:54  Marauder  
  132  18:58  SCV x3  
  135  19:03  Siege Tank, Marine x2  
  135  19:05  Marine  
  141  19:10  Siege Tank  
  143  19:18  Marine  
  143  19:19  Marine  
  143  19:24  Marine x4  
  138  19:29  Marine  
  138  19:30  Medivac  
  136  19:35  Siege Tank  
  136  19:36  Marine x4  
  140  19:42  Marine  
  141  19:47  Siege Tank  
  144  19:53  Orbital Command  
  144  19:57  Marine  
  144  20:03  Marine  
  145  20:11  Marine x7  
  145  20:12  Marauder, Siege Tank, Marine  
  158  20:17  Refinery  
  158  20:18  Refinery  
  158  20:19  Siege Tank  
  158  20:20  Marine  
  158  20:21  Marine x2  
  164  20:34  Supply Depot  
  164  20:43  Marine  
  164  20:45  Viking x3  
  166  20:55  Marine x2  
  159  20:58  Marine x2  
  144  21:12  Marine  
  144  21:15  Viking x2  
  111  21:20  Marine x11  
  111  21:25  Viking  
  117  21:30  Marine  
  117  21:37  Marine  
  117  21:38  Marine x10  
  128  21:42  Orbital Command  
  128  21:46  Refinery x2  
  125  21:47  Refinery x2, Marine  
  121  21:55  Marine x3  
  121  21:56  Marine x8  
  126  22:05  Marine  
  124  22:08  SCV x2  
  124  22:13  Marine x8  
  124  22:14  Marine x3  
  136  22:23  Marine  
  136  22:31  Marine  
  117  22:44  Marine  
  117  22:45  Marine  
  117  22:46  Marine x6  
  117  22:47  Marine x3  
  117  22:49  Marine  
Tags
 
Add a new tag
Caveats
  • Supply blocks, unpowered buildings, or Contaminate may cause inaccurate times.
  • Supply counts are checked every 10 seconds.